Construct Infanterie Kompanie
Construct Infanterie Kompanie
Selects Breakthrough Battlegroup
Construct Luftwaffe Kompanie
Selects Assault Grenadiers
Selects Smoke Bombing Run
Selects Mechanized Assault Group
Marder III M Tank Destroyer
Marder III M Tank Destroyer
Luftwaffe Officer Quarters
Selects 2.5-tonne Cargo Truck
Marder III M Tank Destroyer
Marder III M Tank Destroyer
Marder III M Tank Destroyer
Marder III M Tank Destroyer